 Dungeon Crawl Stone Soup version 0.19-a0-1127-gac58878 (webtiles) character file.

81 Gagarin the Chucker (level 4, -4/42 HPs)
             Began as a Troll Hunter on Aug 12, 2016.
             Killed by divine providence
             ... invoked by an orc priest
              (14 damage)
             ... on level 3 of the Dungeon.
             The game lasted 00:03:08 (1599 turns).

Gagarin the Chucker (Troll Hunter)                  Turns: 1599, Time: 00:03:09

Health: -4/42      AC:  5    Str: 20    XL:     4   Next: 20%
Magic:  3/3        EV: 10    Int:  7    God:
Gold:   149        SH:  0    Dex: 11    Spells: 0 memorised, 3 levels left

rFire  . . .     SeeInvis .       - Unarmed
rCold  . . .     Gourm    +     b - +0 robe
rNeg   . . .     Faith    .     (no shield)
rPois  .         Spirit   .     (helmet restricted)
rElec  .         Dismiss  .     (no cloak)
rCorr  .         Reflect  .     (gloves unavailable)
SustAt .         Harm     .     (boots unavailable)
MR     .....                    (no amulet)
Stlth  +.........               (no ring)
                                (no ring)

@:
A: unfitting armour, claws 3, fast metabolism 3, gourmand, regeneration 2,
shaggy fur 1, tough skin 2
a: no special abilities


You were on level 3 of the Dungeon.
You were completely stuffed.

You visited 1 branch of the dungeon, and saw 3 of its levels.

You collected 149 gold pieces.

Inventory:

Hand Weapons
 a - a +0 short sword
Armour
 b - a +0 robe (worn)
Jewellery
 m - an uncursed ring of resist corrosion {unknown}
Scrolls
 g - a scroll of recharging {unknown}
 h - 4 scrolls of remove curse {unknown}
 i - 3 scrolls of identify {unknown}
 n - a scroll of random uselessness {unknown}
 p - a scroll of immolation {unknown}
Potions
 c - 2 potions of heal wounds {unknown}
 e - 2 potions of might {unknown}
 j - 2 potions of agility {unknown}
 k - 2 potions of curing {unknown}
 l - 2 potions of magic {unknown}
 o - a potion of brilliance {unknown}
 t - 2 potions of berserk rage {unknown}
Comestibles
 d - 2 chunks of flesh
 f - 3 bread rations
 q - a royal jelly
 r - a meat ration
 u - 3 fruits


   Skills:
 + Level 1.9 Fighting
 + Level 4.2 Throwing
 + Level 2.5 Dodging
 + Level 0.7 Stealth
 + Level 1.0 Unarmed Combat


You had 3 spell levels left.
You didn't know any spells.

Dungeon Overview and Level Annotations

Branches:
Dungeon (3/15)

Altars:


Innate Abilities, Weirdness & Mutations

You are too large for most types of armour.
You have claws for hands.
Your metabolism is lightning-fast.
You like to eat raw meat.
You heal very quickly.
You are covered in fur. (AC +1)
You have very tough skin. (AC +2)


Message History

The orc is lightly wounded.
The orc hits you with a flail.
* * * LOW HITPOINT WARNING * * *
You scratch the orc but do no damage.
The orc is lightly wounded.
The orc hits you but does no damage.
You scratch the orc but do no damage.
The orc is lightly wounded.
The orc closely misses you.
You scratch the orc.
The orc is heavily wounded.
You barely miss the orc.
The orc is heavily wounded.
The orc closely misses you.
The orc priest hits you but does no damage.
You claw the orc!
You kill the orc!
The orc priest mumbles some strange prayers to Beogh against you.
Beogh smites you!
You die...

#.. ######## #$#
#>....(# #.# #.####.#
#.#
#.####.######.#####...
####
###.##........#..†...o..
#... .##.##.#.#......o#
#.## .##.........#.##)#
#.# .##.........#.##@#
#.# ..##...#......##.#
#.# .......#....####.#
#.## ..##.............#
#... .###.###.........#
## ####
#..........####.######
....##.
#.....##......#.......
........
#.........÷..)........
........
#.....####)##.#.......
........


You could see an orc priest.

Vanquished Creatures
  4 gnolls
  A dart slug (D:1)
  3 giant geckos
  2 orcs (D:3)
  A giant cockroach (D:1)
  3 goblins
  5 hobgoblins
  A quokka (D:2)
  9 bats
  A giant newt (D:1)
  4 kobolds (D:1)
  3 rats
37 creatures vanquished.

Notes
Turn   | Place    | Note
-------+----------+-------------------------------------------
     0 | D:1      | Gagarin the Troll Hunter began the quest for the Orb.
     0 | D:1      | Reached XP level 1. HP: 19/19 MP: 0/0
   135 | D:1      | Reached XP level 2. HP: 27/27 MP: 1/1
   137 | D:1      | Reached skill level 4 in Throwing
   788 | D:2      | Reached XP level 3. HP: 35/35 MP: 2/2
  1318 | D:3      | Reached XP level 4. HP: 29/42 MP: 3/3
  1515 | D:3      | Reached skill level 1 in Unarmed Combat
  1599 | D:3      | Killed from afar by an orc priest

Vault maps used:
D:1:      dpeg_arrival_rooms_with_view
D:2:      serial_bayou_lake_a

Skill      XL: |  1  2  3  4 |
---------------+-------------+-----
Throwing       | 4 |  4.2
Dodging        | 2 |  2.5
Unarmed Combat | 1 |  1.0
Fighting       | |  1.9
Stealth        | |  0.7

Action                   |  1- 3 |  4- 6 || total
-------------------------+-------+-------++-------
Melee: Unarmed           |    91 |    24 ||   115
Throw: Large rock        |     8 |     2 ||    10
       Throwing net      |       |     2 ||     2
  Eat: Chunk             |    18 |     3 ||    21
Armor: Robe              |    31 |    11 ||    42
Dodge: Dodged            |    65 |    20 ||    85
